 Dungeon Crawl Stone Soup version 0.30.0-29-ga12c61a403 (webtiles) character file.

Game seed: 5238653427800538185

469 seaoflcl the Trooper (level 6, -2/56 HPs)
             Began as a Minotaur Fighter on June 5, 2023.
             Slain by a killer bee (7 damage)
             ... on level 3 of the Dungeon.
             The game lasted 00:04:49 (2365 turns).

seaoflcl the Trooper (Minotaur Fighter)             Turns: 2365, Time: 00:04:49

Health: -2/56      AC:  9    Str: 23    XL:     6   Next: 82%
Magic:  5/5        EV:  8    Int:  5    God:
Gold:   83         SH:  4    Dex:  9    Spells: 5/5 levels left

rFire   . . .        i - +0 mace (heavy)
rCold   . . .        c - +0 buckler
rNeg    . . .        k - +0 chain mail
rPois   .            (helmet restricted)
rElec   .            (no cloak)
rCorr   .            (no gloves)
SInv    .            (no boots)
Will    .....        (no amulet) Stlth
                     (no ring)
HPRegen 0.29/turn    (no ring)
MPRegen 0.09/turn

%: no passive effects
@: mighty, lethally poisoned (-2 -> -17)
A: horns 2, retaliatory headbutt
a: no special abilities


You were on level 3 of the Dungeon.
You visited 1 branch of the dungeon, and saw 4 of its levels.

You collected 123 gold pieces.
You spent 40 gold pieces at shops.

Inventory:

Hand Weapons
 a - a +0 long sword
 i - a +0 heavy mace (weapon)
 l - a +1 scythe of flaming
 n - a +0 war axe of flaming
Missiles
 h - 6 poisoned darts (quivered)
Armour
 c - a +0 buckler (worn)
 k - a +0 chain mail (worn)
Jewellery
 o - a ring of positive energy
Scrolls
 f - a scroll of identify
 g - a scroll of enchant armour
 j - 2 scrolls of poison
Potions
 b - a potion of degeneration
 e - a potion of attraction
 m - a potion of curing {unknown}


   Skills:
 + Level 5.1 Fighting
 - Level 3.0 Long Blades
 * Level 4.3 Maces & Flails
 + Level 2.3 Throwing
 + Level 5.1 Armour
 + Level 5.0 Shields


You had 5 spell levels left.
You didn't know any spells.
Your spell library contained the following spells:

 Spells                   Type           Power      Damage    Failure   Level
 Summon Small Mammal      Summ           0%         N/A       98%         1
 Blink                    Tloc           0%         N/A       99%         2
 Lesser Beckoning         Tloc           0%         N/A       99%         2
 Momentum Strike          Conj/Tloc      0%         3d8       99%         2
 Call Canine Familiar     Summ           0%         N/A       100%        3
 Summon Guardian Golem    Hex/Summ       0%         N/A       100%        3


Dungeon Overview and Level Annotations

Branches:
Dungeon (4/15)
 Temple: D:4-7

Altars:
Ashenzari

Shops:
D:2 !   D:3 ?![*[


Innate Abilities, Weirdness & Mutations

You have a pair of horns on your head.
You reflexively headbutt those who attack you in melee.


Message History

The killer bee stings you.
You are poisoned.
The killer bee poisons you! The orc barely misses you.
You climb upwards.
You feel very sick.
There is a stone staircase leading down, spattered with blood here.
You see here a killer bee corpse.
The killer bee attacks as you move away!
The killer bee stings you but does no damage.
The killer bee attacks as you move away!
The killer bee closely misses you.
You feel sick. The killer bee stings you.
You are more poisoned.
The killer bee poisons you! The killer bee stings you.
You block the killer bee's attack.
You feel very sick. The killer bee stings you.
You are more poisoned.
The killer bee poisons you!
The killer bee stings you but does no damage.
You feel very mighty all of a sudden.
You feel very sick.
The killer bee stings you but does no damage. x2
You block the killer bee's attack.
The killer bee stings you but does no damage.
You sock the killer bee!
You kill the killer bee!
You feel very sick.
The killer bee stings you but does no damage.
You block the killer bee's attack. The killer bee stings you!
* * * LOW HITPOINT WARNING * * *
You are lethally poisoned!
The killer bee poisons you! The killer bee stings you.
* * * LOW HITPOINT WARNING * * *
The killer bee barely misses you. You furiously retaliate!
You headbutt the killer bee!
You kill the killer bee!
The killer bee stings you.
* * * LOW HITPOINT WARNING * * *
The killer bee stings you!
You die...

#.....#### #.........
#.....####
#########.....####
#.........[(......
#.########.####### #∩#
#.# # #.# #.# ####
####@#### #.# #...
#..yo†..# #.# #'##
###########.#...>[# #.#
#.##
#.................#####.#
##...
#.######..........)...#.#
#.... #.####
#.##.#.....###.#.###..∩.
#....#
#.##.###.####.....'.....
####<###.##.#
#.........####...
####.#.##.##.#
######...## ###.


You could see a killer bee and an orc.

Vanquished Creatures
  Sigmund (D:3)
  A scorpion (D:3)
  4 killer bees (D:3)
  A hound (D:3)
  An orc wizard (D:3)
  6 adders
  2 worms (D:2)
  2 orcs
  8 ball pythons
  9 bats
  7 endoplasms
  3 giant cockroaches
  4 hobgoblins
  2 jackals (D:1)
  A quokka (D:1)
  4 frilled lizards
  7 goblins
  5 kobolds
  5 rats
73 creatures vanquished.

Notes
Turn   | Place    | Note
-------+----------+-------------------------------------------
     0 | D:1      | seaoflcl the Minotaur Fighter began the quest for the Orb.
     0 | D:1      | Reached XP level 1. HP: 19/19 MP: 0/0
    66 | D:1      | Reached XP level 2. HP: 26/27 MP: 1/1
   572 | D:1      | Reached XP level 3. HP: 32/33 MP: 2/2
   674 | D:2      | Found Yghud's Distillery.
   734 | D:2      | Reached skill level 1 in Maces & Flails
   803 | D:2      | Reached XP level 4. HP: 38/40 MP: 3/3
  1166 | D:2      | Reached skill level 1 in Throwing
  1307 | D:3      | Found Naehi's Armour Shop.
  1327 | D:3      | Noticed Sigmund
  1338 | D:3      | Killed Sigmund
  1339 | D:3      | Reached XP level 5. HP: 23/47 MP: 4/4
  1438 | D:3      | Found Hagraor's Armour Emporium.
  1533 | D:3      | Found Kacwiq's Magic Scroll Emporium.
  1539 | D:3      | Bought 2 scrolls of identify for 40 gold pieces
  1550 | D:3      | Reached XP level 6. HP: 53/53 MP: 5/5
  1633 | D:3      | Found Nadumn's General Store.
  1790 | D:3      | Found Huakh's Distillery.
  2115 | D:4      | Found a broken altar of Ashenzari.
  2231 | D:3      | Reached skill level 5 in Fighting
  2231 | D:3      | Reached skill level 5 in Armour
  2231 | D:3      | Reached skill level 5 in Shields
  2365 | D:3      | Slain by a killer bee

Illustrated notes

Levels and vault maps discovered:
D:1:      shiori_arrival_oz, layout_loops_ring, minmay_surrounded
D:2:      layout_basic, serial_shops, shop
D:3:      layout_loops_ring, serial_shops, shop, shop, shop, shop,
          nicolae_shop_rolling_square, kennysheep_boxes, uniq_sigmund
D:4:      layout_cave_pools, ashenzari_altar_1, hangedman_feature_mirror,
          mrwooster_statue_mirror, skrybe_limestone_x

Skill      XL: |  1  2  3  4  5  6 |
---------------+-------------------+-----
Long Blades    | 3 |  3.0
Fighting       | 4 5 |  5.1
Armour         | 4 5 |  5.1
Maces & Flails | 1 3 4 |  4.3
Shields        | 4 5 |  5.0
Throwing       | 1 2 |  2.3

Action                     |  1- 3 |  4- 6 || total
---------------------------+-------+-------++-------
  Melee: Long sword        |    32 |       ||    32
         Headbutt          |     5 |    14 ||    19
         Mace              |    37 |    61 ||    98
    Use: Scroll            |       |     4 ||     4
         Potion            |       |     1 ||     1
 Armour: Scale mail        |    46 |     8 ||    54
         Chain mail        |       |    67 ||    67
  Dodge: Dodged            |    41 |    48 ||    89
  Block: Buckler           |    22 |    30 ||    52
